Avalanche vs Penguins
Created - 16 février 2014 at 19:03
Goals
|
| Avalanche |
2 |
0 |
3 |
5 |
| Penguins |
1 |
0 |
2 |
3 |
|
Shots
|
| Avalanche |
11 |
12 |
11 |
34 |
| Penguins |
11 |
9 |
10 |
30 |
|
1st period
1. Avalanche , Daniel Cleary 9 (Drew Doughty, Chuck Kobasew) at 7:03 (PP)
2. Penguins , Ted Purcell 17 (Steven Reinprecht) at 11:04
3. Avalanche , Bryan Little 14 (Drew Doughty) at 15:08
Penalties :
Dennis Seidenberg (Pit) for High sticking (Double Minor) at 3:23, Jason Pominville (Col) for Hooking (Minor) at 12:18, Brian Elliott (Pit) for Slashing (Minor) at 17:24 - Dan Hamhuis served the penalty, Brad Isbister (Pit) for Holding Stick (Minor) at 19:51
2nd period
No Goal
Penalties :
Oleg Kvasha (Col) for Roughing (Minor) at 15:11
3rd period
4. Avalanche , Corey Perry 19 (Bryan Little, Marty Turco) at 2:37 (PP)
5. Penguins , Taylor Pyatt 14 (Darren Reid, Ryan Kesler) at 8:38
6. Penguins , Taylor Pyatt 15 (Ryan Kesler, Brooks Orpik) at 8:44
7. Avalanche , Jason Pominville 32 (Oleg Kvasha, Drew Doughty) at 11:10 (PP)
8. Avalanche , Rostislav Olesz 10 (Drew Doughty, Daniel Cleary) at 17:59
Penalties :
Ryan Kesler (Pit) for Hooking (Minor) at 0:47, Marc-Édouard Vlasic (Pit) for Holding (Minor) at 5:54, Ville Peltonen (Pit) for Tripping (Minor) at 10:50, Erik Cole (Col) for Holding (Minor) at 19:28
Goalie Stats
Marty Turco (Col), 27 saves from 30 shots - (0,900), W, 18-14-3, 60:00 minutes
Brian Elliott (Pit), 29 saves from 34 shots - (0,853), L, 18-10-8, 60:00 minutes
Players Stats for Avalanche
Player Name G A P +/- PIM S H SB GA TA FO MP PP MP PK MP
------------------------------------------------------------------------------------
Andrew Ladd 0 0 0 0 0 2 2 0 0 0 0/0 10:17 0:00 1:47
Brian Campbell 0 0 0 0 0 0 2 2 1 0 0/0 22:37 6:51 0:03
Bryan Little 1 1 2 2 0 3 1 0 1 0 1/2 13:53 4:52 0:47
Chuck Kobasew 0 1 1 0 0 1 0 0 0 0 1/1 9:53 1:07 0:00
Corey Perry 1 0 1 -1 0 3 2 0 0 0 0/0 16:30 4:52 0:00
Daniel Cleary 1 1 2 2 0 1 1 0 0 1 0/0 11:24 1:07 1:43
Dave Tanabe 0 0 0 -1 0 1 1 0 0 1 0/0 22:25 4:52 1:45
Drew Doughty 0 4 4 0 0 5 0 2 2 1 0/0 19:51 6:48 0:00
Erik Cole 0 0 0 -1 2 0 1 1 0 0 0/0 18:18 4:46 1:59
Jack Johnson 0 0 0 0 0 0 1 2 0 4 0/0 22:31 4:54 2:44
Jason Pominville 1 0 1 -2 2 9 3 0 1 1 0/1 20:49 5:48 0:00
Marc Staal 0 0 0 -1 0 0 0 3 1 0 0/0 18:13 0:00 2:41
Maxim Talbot 0 0 0 0 0 0 0 0 0 0 0/3 8:30 0:00 0:00
Mike Comrie 0 0 0 -1 0 3 1 1 0 0 7/15 13:48 0:00 2:16
Oleg Kvasha 0 1 1 -2 2 2 0 0 0 0 19/37 20:59 5:48 0:00
Rostislav Olesz 1 0 1 2 0 2 6 0 1 0 1/1 10:17 1:13 0:26
Ryan Smyth 0 0 0 -2 0 2 5 1 0 0 0/0 20:50 5:48 0:00
Shane O'Brien 0 0 0 0 0 0 2 2 0 0 0/0 14:23 0:09 1:45
Players Stats for Penguins
Player Name G A P +/- PIM S H SB GA TA FO MP PP MP PK MP
------------------------------------------------------------------------------------
Brad Isbister 0 0 0 -1 2 0 1 0 0 0 0/0 14:14 0:26 2:02
Brooks Orpik 0 1 1 2 0 0 2 2 1 1 0/0 25:14 2:54 6:46
Carlo Colaiacovo 0 0 0 -1 0 0 0 0 0 0 0/0 11:48 0:00 0:00
Dainius Zubrus 0 0 0 -1 0 0 0 0 0 0 0/0 12:18 0:20 0:00
Dan Hamhuis 0 0 0 1 0 4 1 2 0 0 0/0 20:03 1:35 4:09
Darren Reid 0 1 1 2 0 4 1 0 2 1 0/1 21:51 2:29 6:00
Denis Arkhipov 0 0 0 -2 0 2 0 0 1 0 1/5 15:27 0:00 3:26
Dennis Seidenberg 0 0 0 -1 4 0 0 0 0 0 0/0 2:29 0:00 0:12
Marc-Édouard Vlasic 0 0 0 -1 2 2 0 1 1 0 0/0 12:44 0:00 0:40
Mike Watt 0 0 0 -1 0 0 0 0 1 0 0/0 4:05 0:00 0:11
Petr Sykora 0 0 0 -1 0 0 0 0 0 1 0/0 4:13 0:19 0:00
Ryan Kesler 0 2 2 2 2 6 1 0 1 0 21/37 22:55 2:27 4:40
Steve Staios 0 0 0 1 0 1 1 2 1 0 0/0 27:17 2:54 6:46
Steven Reinprecht 0 1 1 1 0 3 2 0 0 0 6/13 16:57 1:40 0:35
Taylor Pyatt 2 0 2 2 0 4 1 0 0 1 1/2 19:25 2:29 3:20
Ted Purcell 1 0 1 1 0 3 2 1 0 0 1/1 19:56 1:40 3:20
Tom Preissing 0 0 0 1 0 0 1 0 0 2 0/0 20:55 1:35 5:01
Ville Peltonen 0 0 0 1 2 1 1 0 0 1 1/1 16:17 1:37 0:00
3 Stars
1 - Taylor Pyatt (Pit)
2 - Rostislav Olesz (Col)
3 - Bryan Little (Col)
Power Play
Avalanche - 3 on 7 Attempt(s) - 42,86%
Penguins - 0 on 3 Attempt(s) - 0,00%
Penalty Kill
Avalanche - 3 on 3 Attempt(s) - 100,00%
- Score 0 goal in Penalty Kill
Penguins - 4 on 7 Attempt(s) - 57,14%
- Score 0 goal in Penalty Kill
Official
Referees : VanMassenhoven Don and Lee Chris
Linesman : Tony Sericolo and Thor Nelson
Game Notes
No Game Note
Finance
Level 1 -- Attendance: 5420 (90,33%) -- Ticket Income 455 280 $
Level 2 -- Attendance: 5000 (100,00%) -- Ticket Income 215 000 $
Level 3 -- Attendance: 1952 (97,60%) -- Ticket Income 46 848 $
Level 4 -- Attendance: 3973 (99,33%) -- Ticket Income 75 487 $
Luxury Box -- Attendance: 869 (86,90%) -- Ticket Income 140 778 $
Game was played at the Igloo
Total Attendance: 17214 (95,63%)
Total Ticket Income: 933 393 $
Other Income: 140 009 $
Total Income: 1 073 402 $
Avalanche
5 vs 5 Forward
Center Left Wing Right Wing Time % Phy DF OF
1 Oleg Kvasha Ryan Smyth Jason Pominville 40 1 2 2
2 Mike Comrie Erik Cole Corey Perry 30 1 2 2
3 Maxim Talbot Andrew Ladd Chuck Kobasew 15 1 2 2
4 Bryan Little Rostislav Olesz Daniel Cleary 15 1 2 2
5 vs 5 Defense
Defense Defense Time % Phy DF OF
1 Brian Campbell Jack Johnson 35 1 2 2
2 Dave Tanabe Marc Staal 35 1 2 2
3 Shane O'Brien Drew Doughty 30 1 2 2
4 Marc Staal Jack Johnson 0 1 2 2
PowerPlay Forward
Center Left Wing Right Wing Time % Phy DF OF
1 Oleg Kvasha Ryan Smyth Jason Pominville 60 1 2 2
2 Bryan Little Erik Cole Corey Perry 40 1 2 2
PowerPlay Defense
Defense Defense Time % Phy DF OF
1 Brian Campbell Drew Doughty 60 1 2 2
2 Jack Johnson Dave Tanabe 40 1 2 2
Penalty Kill 4 Players Forward
Center Wing Time % Phy DF OF
1 Mike Comrie Erik Cole 60 1 2 2
2 Daniel Cleary Andrew Ladd 40 1 2 2
Penalty Kill 4 Players Defense
Defense Defense Time % Phy DF OF
1 Marc Staal Jack Johnson 60 1 2 2
2 Dave Tanabe Shane O'Brien 40 1 2 2
Penalty Kill - 3 Players Forward
Forward Time % Phy DF OF
1 Mike Comrie 60 1 2 2
2 Oleg Kvasha 40 1 2 2
Penalty Kill - 3 Players Defense
Defense Defense Time % Phy DF OF
1 Marc Staal Jack Johnson 60 1 2 2
2 Dave Tanabe Brian Campbell 40 1 2 2
4 vs 4 Forward
Center Wing Time % Phy DF OF
1 Oleg Kvasha Jason Pominville 60 1 2 2
2 Mike Comrie Ryan Smyth 40 1 2 2
4 vs 4 Defense
Defense Defense Time % Phy DF OF
1 Marc Staal Jack Johnson 60 1 2 2
2 Dave Tanabe Brian Campbell 40 1 2 2
Last Minutes Offensive
Center Left Wing Right Wing Defense Defense
Oleg Kvasha Ryan Smyth Corey Perry Brian Campbell Drew Doughty
Last Minutes Defensive
Center Left Wing Right Wing Defense Defense
Mike Comrie Ryan Smyth Daniel Cleary Marc Staal Jack Johnson
Goaltenders
Starting : Marty Turco
Backup : Patrick Lalime
Extra Forwards
Normal : Rostislav Olesz, Chuck Kobasew, Bryan Little - PP : Rostislav Olesz, Chuck Kobasew - PK : Daniel Cleary
Extra Defensemen
Normal : Shane O'Brien, Jack Johnson, Dave Tanabe - PP : Shane O'Brien - PK : Jack Johnson, Dave Tanabe
Penalty Shots
Ryan Smyth, Daniel Cleary, Corey Perry, Mike Comrie, Erik Cole
Penguins
5 vs 5 Forward
Center Left Wing Right Wing Time % Phy DF OF
1 Ryan Kesler Taylor Pyatt Darren Reid 40 1 2 2
2 Steven Reinprecht Ville Peltonen Ted Purcell 30 1 2 2
3 Denis Arkhipov Brad Isbister Dainius Zubrus 20 1 2 2
4 Ryan Kesler Mike Watt Petr Sykora 10 1 2 2
5 vs 5 Defense
Defense Defense Time % Phy DF OF
1 Steve Staios Brooks Orpik 40 1 2 2
2 Dan Hamhuis Tom Preissing 30 1 2 2
3 Carlo Colaiacovo Marc-Édouard Vlasic 20 1 2 2
4 Dennis Seidenberg Steve Staios 10 1 2 2
PowerPlay Forward
Center Left Wing Right Wing Time % Phy DF OF
1 Ryan Kesler Taylor Pyatt Darren Reid 60 1 2 2
2 Steven Reinprecht Ville Peltonen Ted Purcell 40 1 2 2
PowerPlay Defense
Defense Defense Time % Phy DF OF
1 Steve Staios Brooks Orpik 60 1 2 2
2 Dan Hamhuis Tom Preissing 40 1 2 2
Penalty Kill 4 Players Forward
Center Wing Time % Phy DF OF
1 Ryan Kesler Darren Reid 60 1 2 2
2 Taylor Pyatt Ted Purcell 40 1 2 2
Penalty Kill 4 Players Defense
Defense Defense Time % Phy DF OF
1 Steve Staios Brooks Orpik 60 1 2 2
2 Dan Hamhuis Tom Preissing 40 1 2 2
Penalty Kill - 3 Players Forward
Forward Time % Phy DF OF
1 Ryan Kesler 60 1 2 2
2 Darren Reid 40 1 2 2
Penalty Kill - 3 Players Defense
Defense Defense Time % Phy DF OF
1 Steve Staios Brooks Orpik 60 1 2 2
2 Dan Hamhuis Tom Preissing 40 1 2 2
4 vs 4 Forward
Center Wing Time % Phy DF OF
1 Ryan Kesler Darren Reid 60 1 2 2
2 Taylor Pyatt Ted Purcell 40 1 2 2
4 vs 4 Defense
Defense Defense Time % Phy DF OF
1 Steve Staios Brooks Orpik 60 1 2 2
2 Dan Hamhuis Tom Preissing 40 1 2 2
Last Minutes Offensive
Center Left Wing Right Wing Defense Defense
Ryan Kesler Taylor Pyatt Darren Reid Steve Staios Brooks Orpik
Last Minutes Defensive
Center Left Wing Right Wing Defense Defense
Ryan Kesler Taylor Pyatt Darren Reid Steve Staios Brooks Orpik
Goaltenders
Starting : Brian Elliott
Backup : Ondrej Pavelec
Extra Forwards
Normal : Brad Isbister, Dainius Zubrus, Denis Arkhipov - PP : Brad Isbister, Dainius Zubrus - PK : Denis Arkhipov
Extra Defensemen
Normal : Carlo Colaiacovo, Marc-Édouard Vlasic, Dennis Seidenberg - PP : Carlo Colaiacovo - PK : Marc-Édouard Vlasic, Dennis Seidenberg
Penalty Shots
Ryan Kesler, Darren Reid, Taylor Pyatt, Ted Purcell, Ville Peltonen
% Time on Ice - Avalanche
Lines # - Real PCT - Wanted PCT - Time Play
Normal Forward
1 - 35% - 40% - 15:12
2 - 27% - 30% - 11:38
3 - 19% - 15% - 8:30
4 - 19% - 15% - 8:24
Normal Defense
1 - 36% - 35% - 15:45
2 - 34% - 35% - 15:03
3 - 29% - 30% - 12:29
4 - 1% - 0% - 0:27
PP Forward
1 - 50% - 60% - 5:55
2 - 50% - 40% - 5:52
PP Defense
1 - 59% - 60% - 6:55
2 - 41% - 40% - 4:52
PK Forward
1 - 74% - 60% - 3:19
2 - 26% - 40% - 1:10
PK Defense
1 - 61% - 60% - 2:44
2 - 39% - 40% - 1:45
PK3 Forward
1 - 0% - 60%
2 - 0% - 40%
PK3 Defense
1 - 0% - 60%
2 - 0% - 40%
44 Forward
1 - 0% - 60%
2 - 0% - 40%
44 Defense
1 - 0% - 60%
2 - 0% - 40%
Last Minute Offensive - 0:00
Last Minute Defensive - 0:00
Total
Forward - 60:00
Defense - 60:00
|
% Time on Ice - Penguins
Lines # - Real PCT - Wanted PCT - Time Play
Normal Forward
1 - 31% - 40% - 13:46
2 - 36% - 30% - 15:53
3 - 23% - 20% - 10:11
4 - 9% - 10% - 3:54
Normal Defense
1 - 36% - 40% - 15:34
2 - 33% - 30% - 14:19
3 - 27% - 20% - 11:48
4 - 5% - 10% - 2:03
PP Forward
1 - 63% - 60% - 2:49
2 - 37% - 40% - 1:40
PP Defense
1 - 65% - 60% - 2:54
2 - 35% - 40% - 1:35
PK Forward
1 - 72% - 60% - 8:27
2 - 28% - 40% - 3:20
PK Defense
1 - 57% - 60% - 6:46
2 - 43% - 40% - 5:01
PK3 Forward
1 - 0% - 60%
2 - 0% - 40%
PK3 Defense
1 - 0% - 60%
2 - 0% - 40%
44 Forward
1 - 0% - 60%
2 - 0% - 40%
44 Defense
1 - 0% - 60%
2 - 0% - 40%
Last Minute Offensive - 0:00
Last Minute Defensive - 0:00
Total
Forward - 60:00
Defense - 60:00
|
Play by Play
1st period
0:01 of 1st period - Ryan Kesler wins face-off versus Oleg Kvasha in neutral zone.
0:10 of 1st period - Snap shot by Ryan Kesler.
0:10 of 1st period - Shot Misses the Net.
0:12 of 1st period - Backhand shot by Darren Reid.
0:12 of 1st period - Stopped by Marty Turco without a rebound.
0:13 of 1st period - Steven Reinprecht wins face-off versus Mike Comrie in Avalanche zone.
0:14 of 1st period - Wrist shot by Ted Purcell.
0:14 of 1st period - Stopped by Marty Turco with a rebound.
1:05 of 1st period - Slapshot by Ryan Kesler.
1:05 of 1st period - Shot Blocked by Drew Doughty.
1:07 of 1st period - Wrist shot by Taylor Pyatt.
1:07 of 1st period - Deflect By Darren Reid.
1:07 of 1st period - Shot Blocked by Shane O'Brien.
1:07 of 1st period - Puck is out of play.
1:08 of 1st period - Oleg Kvasha wins face-off versus Ryan Kesler in Avalanche zone.
2:03 of 1st period - Slapshot by Steven Reinprecht.
2:03 of 1st period - Stopped by Marty Turco without a rebound.
2:04 of 1st period - Mike Comrie wins face-off versus Ryan Kesler in Avalanche zone.
2:34 of 1st period - Snap shot by Andrew Ladd.
2:34 of 1st period - Stopped by Brian Elliott without a rebound.
2:35 of 1st period - Steven Reinprecht wins face-off versus Maxim Talbot in Penguins zone.
3:23 of 1st period - Double Minor Penalty to Dennis Seidenberg for High sticking.
3:24 of 1st period - Oleg Kvasha wins face-off versus Ryan Kesler in Penguins zone.
3:35 of 1st period - Snap shot by Oleg Kvasha.
3:35 of 1st period - Stopped by Brian Elliott with a rebound.
3:37 of 1st period - Wrist shot by Jason Pominville.
3:37 of 1st period - Stopped by Brian Elliott with a rebound.
3:39 of 1st period - Wrist shot by Jason Pominville.
3:39 of 1st period - Shot Blocked by Steve Staios.
4:13 of 1st period - Ryan Kesler is hit by Jason Pominville and loses puck.
5:35 of 1st period - Taylor Pyatt is hit by Ryan Smyth and loses puck.
6:11 of 1st period - Icing by Brian Campbell.
6:12 of 1st period - Rostislav Olesz wins face-off versus Denis Arkhipov in Avalanche zone.
6:21 of 1st period - Dan Hamhuis is hit by Brian Campbell and loses puck.
6:34 of 1st period - Wrist shot by Daniel Cleary.
6:34 of 1st period - Shot Misses the Net.
6:36 of 1st period - Snap shot by Daniel Cleary.
6:36 of 1st period - Deflect By Chuck Kobasew.
6:36 of 1st period - Stopped by Brian Elliott with a rebound.
6:46 of 1st period - Taylor Pyatt is hit by Rostislav Olesz and loses puck.
6:55 of 1st period - Slapshot by Brian Campbell.
6:55 of 1st period - Shot Blocked by Dan Hamhuis.
6:57 of 1st period - Slapshot by Brian Campbell.
6:57 of 1st period - Shot Blocked by Dan Hamhuis.
7:01 of 1st period - Snap shot by Drew Doughty.
7:01 of 1st period - Shot Misses the Net.
7:03 of 1st period - Slapshot by Daniel Cleary.
7:03 of 1st period - Goal by Daniel Cleary - Avalanche : 1 - Penguins : 0.
7:04 of 1st period - Oleg Kvasha wins face-off versus Ryan Kesler in neutral zone.
7:07 of 1st period - Slapshot by Jason Pominville.
7:07 of 1st period - Shot Misses the Net.
7:34 of 1st period - Marc Staal is hit by Ville Peltonen and loses puck.
7:39 of 1st period - Wrist shot by Ted Purcell.
7:39 of 1st period - Shot Blocked by Erik Cole.
7:49 of 1st period - Snap shot by Denis Arkhipov.
7:49 of 1st period - Stopped by Marty Turco with a rebound.
7:51 of 1st period - Wrist shot by Denis Arkhipov.
7:51 of 1st period - Shot Blocked by Marc Staal.
8:08 of 1st period - Dave Tanabe is hit by Darren Reid and loses puck.
8:34 of 1st period - Drew Doughty is hit by Tom Preissing and loses puck.
9:16 of 1st period - Off-side.
9:17 of 1st period - Oleg Kvasha wins face-off versus Steven Reinprecht in neutral zone.
9:20 of 1st period - Steve Staios is hit by Shane O'Brien.
9:26 of 1st period - Slapshot by Steve Staios.
9:26 of 1st period - Stopped by Marty Turco with a rebound.
10:12 of 1st period - Snap shot by Ryan Kesler.
10:12 of 1st period - Stopped by Marty Turco without a rebound.
10:13 of 1st period - Ryan Kesler wins face-off versus Oleg Kvasha in Avalanche zone.
10:25 of 1st period - Ryan Kesler is hit by Jason Pominville and loses puck.
10:52 of 1st period - Slapshot by Ryan Kesler.
10:52 of 1st period - Shot Misses the Net.
10:54 of 1st period - Snap shot by Taylor Pyatt.
10:54 of 1st period - Stopped by Marty Turco with a rebound.
10:56 of 1st period - Wrist shot by Taylor Pyatt.
10:56 of 1st period - Shot Blocked by Brian Campbell.
10:58 of 1st period - Snap shot by Ryan Kesler.
10:58 of 1st period - Shot Misses the Net.
11:00 of 1st period - Wrist shot by Darren Reid.
11:00 of 1st period - Stopped by Marty Turco with a rebound.
11:02 of 1st period - Snap shot by Ryan Kesler.
11:02 of 1st period - Stopped by Marty Turco without a rebound.
11:03 of 1st period - Steven Reinprecht wins face-off versus Oleg Kvasha in Avalanche zone.
11:04 of 1st period - Slapshot by Ted Purcell.
11:04 of 1st period - Goal by Ted Purcell - Avalanche : 1 - Penguins : 1.
11:05 of 1st period - Oleg Kvasha wins face-off versus Steven Reinprecht in neutral zone.
11:12 of 1st period - Wrist shot by Jason Pominville.
11:12 of 1st period - Stopped by Brian Elliott without a rebound.
11:13 of 1st period - Oleg Kvasha wins face-off versus Steven Reinprecht in Penguins zone.
12:16 of 1st period - Slapshot by Dan Hamhuis.
12:16 of 1st period - Shot Misses the Net.
12:18 of 1st period - Minor Penalty to Jason Pominville for Hooking.
12:19 of 1st period - Ryan Kesler wins face-off versus Mike Comrie in Avalanche zone.
14:18 of 1st period - Penalty to Jason Pominville is over, Jason Pominville is back on ice.
14:50 of 1st period - Snap shot by Petr Sykora.
14:50 of 1st period - Shot Misses the Net.
15:08 of 1st period - Slapshot by Bryan Little.
15:08 of 1st period - Goal by Bryan Little - Avalanche : 2 - Penguins : 1.
15:09 of 1st period - Ryan Kesler wins face-off versus Mike Comrie in neutral zone.
15:22 of 1st period - Wrist shot by Ryan Kesler.
15:22 of 1st period - Stopped by Marty Turco with a rebound.
16:36 of 1st period - Wrist shot by Mike Comrie.
16:36 of 1st period - Stopped by Brian Elliott without a rebound.
16:37 of 1st period - Mike Comrie wins face-off versus Ryan Kesler in Penguins zone.
17:02 of 1st period - Snap shot by Jason Pominville.
17:02 of 1st period - Shot Misses the Net.
17:04 of 1st period - Snap shot by Ryan Smyth.
17:04 of 1st period - Deflect By Ville Peltonen.
17:04 of 1st period - Shot Misses the Net.
17:04 of 1st period - Puck is out of play.
17:05 of 1st period - Oleg Kvasha wins face-off versus Steven Reinprecht in Penguins zone.
17:14 of 1st period - Slapshot by Ted Purcell.
17:14 of 1st period - Shot Blocked by Drew Doughty.
17:24 of 1st period - Slapshot by Ryan Smyth.
17:24 of 1st period - Stopped by Brian Elliott without a rebound.
17:24 of 1st period - Minor Penalty to Brian Elliott for Slashing.
17:25 of 1st period - Oleg Kvasha wins face-off versus Ryan Kesler in Penguins zone.
18:00 of 1st period - Wrist shot by Bryan Little.
18:00 of 1st period - Stopped by Brian Elliott with a rebound.
19:23 of 1st period - Taylor Pyatt is hit by Rostislav Olesz and loses puck.
19:24 of 1st period - Penalty to Dan Hamhuis is over, Dan Hamhuis is back on ice.
19:38 of 1st period - Slapshot by Drew Doughty.
19:38 of 1st period - Stopped by Brian Elliott without a rebound.
19:39 of 1st period - Denis Arkhipov wins face-off versus Maxim Talbot in Penguins zone.
19:51 of 1st period - Minor Penalty to Brad Isbister for Holding Stick.
19:52 of 1st period - Oleg Kvasha wins face-off versus Ryan Kesler in Penguins zone.
Goals for this period are 2 for Avalanche vs 1 for Penguins.
Shots for this period are 11 for Avalanche vs 11 for Penguins.
2nd period
0:01 of 2nd period - Oleg Kvasha wins face-off versus Ryan Kesler in neutral zone.
0:06 of 2nd period - Brooks Orpik is hit by Jason Pominville.
0:10 of 2nd period - Snap shot by Jason Pominville.
0:10 of 2nd period - Shot Misses the Net.
0:12 of 2nd period - Slapshot by Drew Doughty.
0:12 of 2nd period - Stopped by Brian Elliott with a rebound.
0:14 of 2nd period - Snap shot by Ryan Smyth.
0:14 of 2nd period - Stopped by Brian Elliott without a rebound.
0:15 of 2nd period - Oleg Kvasha wins face-off versus Ryan Kesler in Penguins zone.
1:51 of 2nd period - Penalty to Brad Isbister is over, Brad Isbister is back on ice.
2:14 of 2nd period - Ted Purcell is hit by Bryan Little and loses puck.
4:09 of 2nd period - Taylor Pyatt is hit by Andrew Ladd and loses puck.
4:26 of 2nd period - Slapshot by Jason Pominville.
4:26 of 2nd period - Stopped by Brian Elliott without a rebound.
4:27 of 2nd period - Ville Peltonen wins face-off versus Oleg Kvasha in Penguins zone.
4:32 of 2nd period - Slapshot by Steven Reinprecht.
4:32 of 2nd period - Stopped by Marty Turco without a rebound.
4:33 of 2nd period - Ryan Kesler wins face-off versus Oleg Kvasha in Avalanche zone.
4:44 of 2nd period - Wrist shot by Jason Pominville.
4:44 of 2nd period - Deflect By Ryan Smyth.
4:44 of 2nd period - Shot Blocked by Brooks Orpik.
4:44 of 2nd period - Puck is out of play.
4:45 of 2nd period - Mike Comrie wins face-off versus Ryan Kesler in Penguins zone.
4:46 of 2nd period - Slapshot by Drew Doughty.
4:46 of 2nd period - Stopped by Brian Elliott without a rebound.
4:47 of 2nd period - Ryan Kesler wins face-off versus Mike Comrie in Penguins zone.
5:41 of 2nd period - Slapshot by Dave Tanabe.
5:41 of 2nd period - Stopped by Brian Elliott without a rebound.
5:42 of 2nd period - Oleg Kvasha wins face-off versus Taylor Pyatt in Penguins zone.
5:43 of 2nd period - Wrist shot by Jason Pominville.
5:43 of 2nd period - Stopped by Brian Elliott without a rebound.
5:44 of 2nd period - Ryan Kesler wins face-off versus Oleg Kvasha in Penguins zone.
6:09 of 2nd period - Corey Perry is hit by Dan Hamhuis and loses puck.
6:49 of 2nd period - Snap shot by Jason Pominville.
6:49 of 2nd period - Stopped by Brian Elliott without a rebound.
6:50 of 2nd period - Ryan Kesler wins face-off versus Oleg Kvasha in Penguins zone.
6:50 of 2nd period - Ryan Kesler is hit by Ryan Smyth.
7:16 of 2nd period - Marc Staal is hit by Steven Reinprecht and loses puck.
7:36 of 2nd period - Tom Preissing is hit by Rostislav Olesz and loses puck.
8:10 of 2nd period - Dan Hamhuis is hit by Rostislav Olesz and loses puck.
8:21 of 2nd period - Wrist shot by Bryan Little.
8:21 of 2nd period - Stopped by Brian Elliott without a rebound.
8:22 of 2nd period - Oleg Kvasha wins face-off versus Steven Reinprecht in Penguins zone.
8:33 of 2nd period - Oleg Kvasha is hit by Ted Purcell.
8:34 of 2nd period - Icing by Oleg Kvasha.
8:35 of 2nd period - Ryan Kesler wins face-off versus Oleg Kvasha in Avalanche zone.
8:40 of 2nd period - Snap shot by Ryan Kesler.
8:40 of 2nd period - Stopped by Marty Turco with a rebound.
9:30 of 2nd period - Slapshot by Marc-Édouard Vlasic.
9:30 of 2nd period - Stopped by Marty Turco without a rebound.
9:31 of 2nd period - Ryan Kesler wins face-off versus Oleg Kvasha in Avalanche zone.
9:38 of 2nd period - Snap shot by Darren Reid.
9:38 of 2nd period - Shot Blocked by Ryan Smyth.
9:40 of 2nd period - Wrist shot by Darren Reid.
9:40 of 2nd period - Stopped by Marty Turco without a rebound.
9:41 of 2nd period - Oleg Kvasha wins face-off versus Ryan Kesler in Avalanche zone.
10:04 of 2nd period - Slapshot by Ryan Kesler.
10:04 of 2nd period - Stopped by Marty Turco without a rebound.
10:05 of 2nd period - Mike Comrie wins face-off versus Steven Reinprecht in Avalanche zone.
10:18 of 2nd period - Snap shot by Ted Purcell.
10:18 of 2nd period - Stopped by Marty Turco with a rebound.
10:41 of 2nd period - Brooks Orpik is hit by Dave Tanabe and loses puck.
10:54 of 2nd period - Darren Reid is hit by Ryan Smyth and loses puck.
11:37 of 2nd period - Wrist shot by Ryan Kesler.
11:37 of 2nd period - Shot Misses the Net.
11:39 of 2nd period - Slapshot by Dan Hamhuis.
11:39 of 2nd period - Stopped by Marty Turco without a rebound.
11:40 of 2nd period - Mike Comrie wins face-off versus Denis Arkhipov in Avalanche zone.
11:45 of 2nd period - Snap shot by Erik Cole.
11:45 of 2nd period - Shot Misses the Net.
12:05 of 2nd period - Brian Campbell is hit by Taylor Pyatt and loses puck.
12:24 of 2nd period - Slapshot by Ville Peltonen.
12:24 of 2nd period - Stopped by Marty Turco without a rebound.
12:25 of 2nd period - Chuck Kobasew wins face-off versus Steven Reinprecht in Avalanche zone.
12:40 of 2nd period - Ville Peltonen is hit by Andrew Ladd and loses puck.
13:10 of 2nd period - Dave Tanabe is hit by Steven Reinprecht and loses puck.
13:24 of 2nd period - Slapshot by Mike Comrie.
13:24 of 2nd period - Stopped by Brian Elliott without a rebound.
13:25 of 2nd period - Ryan Kesler wins face-off versus Jason Pominville in Penguins zone.
13:50 of 2nd period - Brian Campbell is hit by Brooks Orpik and loses puck.
14:51 of 2nd period - Wrist shot by Chuck Kobasew.
14:51 of 2nd period - Deflect By Andrew Ladd.
14:51 of 2nd period - Stopped by Brian Elliott with a rebound.
14:57 of 2nd period - Slapshot by Drew Doughty.
14:57 of 2nd period - Stopped by Brian Elliott without a rebound.
14:58 of 2nd period - Steven Reinprecht wins face-off versus Oleg Kvasha in Penguins zone.
14:58 of 2nd period - Steven Reinprecht is hit by Ryan Smyth.
15:06 of 2nd period - Snap shot by Steven Reinprecht.
15:06 of 2nd period - Stopped by Marty Turco with a rebound.
15:11 of 2nd period - Minor Penalty to Oleg Kvasha for Roughing.
15:12 of 2nd period - Ryan Kesler wins face-off versus Mike Comrie in Avalanche zone.
15:58 of 2nd period - Snap shot by Daniel Cleary.
15:58 of 2nd period - Shot Misses the Net.
16:04 of 2nd period - Dan Hamhuis is hit by Daniel Cleary and loses puck.
17:01 of 2nd period - Wrist shot by Rostislav Olesz.
17:01 of 2nd period - Stopped by Brian Elliott with a rebound.
17:11 of 2nd period - Penalty to Oleg Kvasha is over, Oleg Kvasha is back on ice.
17:24 of 2nd period - Denis Arkhipov is hit by Shane O'Brien and loses puck.
19:15 of 2nd period - Denis Arkhipov is hit by Jack Johnson and loses puck.
19:50 of 2nd period - Slapshot by Shane O'Brien.
19:50 of 2nd period - Shot Misses the Net.
19:56 of 2nd period - Denis Arkhipov is hit by Mike Comrie and loses puck.
Goals for this period are 0 for Avalanche vs 0 for Penguins.
Shots for this period are 12 for Avalanche vs 9 for Penguins.
3rd period
0:01 of 3rd period - Ryan Kesler wins face-off versus Oleg Kvasha in neutral zone.
0:06 of 3rd period - Slapshot by Darren Reid.
0:06 of 3rd period - Stopped by Marty Turco without a rebound.
0:07 of 3rd period - Ryan Kesler wins face-off versus Oleg Kvasha in Avalanche zone.
0:42 of 3rd period - Snap shot by Mike Comrie.
0:42 of 3rd period - Stopped by Brian Elliott with a rebound.
0:44 of 3rd period - Snap shot by Erik Cole.
0:44 of 3rd period - Deflect By Corey Perry.
0:44 of 3rd period - Stopped by Brian Elliott without a rebound.
0:45 of 3rd period - Ryan Kesler wins face-off versus Oleg Kvasha in Penguins zone.
0:47 of 3rd period - Minor Penalty to Ryan Kesler for Hooking.
0:48 of 3rd period - Oleg Kvasha wins face-off versus Denis Arkhipov in Penguins zone.
1:28 of 3rd period - Icing by Bryan Little.
1:29 of 3rd period - Steven Reinprecht wins face-off versus Bryan Little in Avalanche zone.
1:35 of 3rd period - Icing by Brian Campbell.
1:36 of 3rd period - Oleg Kvasha wins face-off versus Denis Arkhipov in Avalanche zone.
1:51 of 3rd period - Slapshot by Drew Doughty.
1:51 of 3rd period - Stopped by Brian Elliott with a rebound.
2:37 of 3rd period - Wrist shot by Corey Perry.
2:37 of 3rd period - Goal by Corey Perry - Avalanche : 3 - Penguins : 1.
2:38 of 3rd period - Oleg Kvasha wins face-off versus Ryan Kesler in neutral zone.
3:43 of 3rd period - Andrew Ladd is hit by Steve Staios and loses puck.
4:10 of 3rd period - Snap shot by Jason Pominville.
4:10 of 3rd period - Stopped by Brian Elliott without a rebound.
4:11 of 3rd period - Mike Comrie wins face-off versus Ryan Kesler in Penguins zone.
4:12 of 3rd period - Slapshot by Corey Perry.
4:12 of 3rd period - Stopped by Brian Elliott without a rebound.
4:13 of 3rd period - Ryan Kesler wins face-off versus Mike Comrie in Penguins zone.
4:20 of 3rd period - Erik Cole is hit by Ryan Kesler and loses puck.
4:27 of 3rd period - Snap shot by Darren Reid.
4:27 of 3rd period - Shot Misses the Net.
4:29 of 3rd period - Wrist shot by Taylor Pyatt.
4:29 of 3rd period - Stopped by Marty Turco with a rebound.
4:32 of 3rd period - Icing by Marc Staal.
4:33 of 3rd period - Ted Purcell wins face-off versus Mike Comrie in Avalanche zone.
5:02 of 3rd period - Slapshot by Ryan Kesler.
5:02 of 3rd period - Shot Blocked by Brian Campbell.
5:06 of 3rd period - Slapshot by Taylor Pyatt.
5:06 of 3rd period - Shot Blocked by Jack Johnson.
5:08 of 3rd period - Wrist shot by Darren Reid.
5:08 of 3rd period - Shot Blocked by Mike Comrie.
5:54 of 3rd period - Minor Penalty to Marc-Édouard Vlasic for Holding.
5:55 of 3rd period - Ryan Kesler wins face-off versus Oleg Kvasha in Penguins zone.
6:30 of 3rd period - Ted Purcell is hit by Erik Cole and loses puck.
7:54 of 3rd period - Penalty to Marc-Édouard Vlasic is over, Marc-Édouard Vlasic is back on ice.
8:02 of 3rd period - Wrist shot by Denis Arkhipov.
8:02 of 3rd period - Shot Misses the Net.
8:04 of 3rd period - Snap shot by Denis Arkhipov.
8:04 of 3rd period - Stopped by Marty Turco with a rebound.
8:06 of 3rd period - Slapshot by Dan Hamhuis.
8:06 of 3rd period - Deflect By Brian Campbell.
8:06 of 3rd period - Stopped by Marty Turco with a rebound.
8:08 of 3rd period - Slapshot by Dan Hamhuis.
8:08 of 3rd period - Stopped by Marty Turco with a rebound.
8:10 of 3rd period - Snap shot by Marc-Édouard Vlasic.
8:10 of 3rd period - Stopped by Marty Turco without a rebound.
8:11 of 3rd period - Steven Reinprecht wins face-off versus Maxim Talbot in Avalanche zone.
8:12 of 3rd period - Wrist shot by Ted Purcell.
8:12 of 3rd period - Shot Misses the Net.
8:22 of 3rd period - Wrist shot by Ted Purcell.
8:22 of 3rd period - Shot Blocked by Marc Staal.
8:34 of 3rd period - Ryan Kesler is hit by Corey Perry.
8:38 of 3rd period - Snap shot by Taylor Pyatt.
8:38 of 3rd period - Goal by Taylor Pyatt - Avalanche : 3 - Penguins : 2.
8:39 of 3rd period - Oleg Kvasha wins face-off versus Darren Reid in neutral zone.
8:44 of 3rd period - Wrist shot by Taylor Pyatt.
8:44 of 3rd period - Goal by Taylor Pyatt - Avalanche : 3 - Penguins : 3.
8:45 of 3rd period - Taylor Pyatt wins face-off versus Oleg Kvasha in neutral zone.
9:33 of 3rd period - Snap shot by Jason Pominville.
9:33 of 3rd period - Stopped by Brian Elliott with a rebound.
9:43 of 3rd period - Wrist shot by Ryan Smyth.
9:43 of 3rd period - Shot Blocked by Brooks Orpik.
9:45 of 3rd period - Snap shot by Ryan Smyth.
9:45 of 3rd period - Deflect By Dainius Zubrus.
9:45 of 3rd period - Shot Blocked by Steve Staios.
9:45 of 3rd period - Puck is out of play.
9:46 of 3rd period - Ryan Kesler wins face-off versus Mike Comrie in Penguins zone.
10:13 of 3rd period - Dan Hamhuis is hit by Rostislav Olesz and loses puck.
10:50 of 3rd period - Minor Penalty to Ville Peltonen for Tripping.
10:51 of 3rd period - Oleg Kvasha wins face-off versus Ryan Kesler in Penguins zone.
11:00 of 3rd period - Wrist shot by Jason Pominville.
11:00 of 3rd period - Stopped by Brian Elliott without a rebound.
11:01 of 3rd period - Ryan Kesler wins face-off versus Oleg Kvasha in Penguins zone.
11:10 of 3rd period - Wrist shot by Jason Pominville.
11:10 of 3rd period - Goal by Jason Pominville - Avalanche : 4 - Penguins : 3.
11:11 of 3rd period - Ryan Kesler wins face-off versus Oleg Kvasha in neutral zone.
11:24 of 3rd period - Snap shot by Oleg Kvasha.
11:24 of 3rd period - Stopped by Brian Elliott with a rebound.
11:59 of 3rd period - Slapshot by Dave Tanabe.
11:59 of 3rd period - Shot Misses the Net.
12:25 of 3rd period - Snap shot by Taylor Pyatt.
12:25 of 3rd period - Shot Blocked by Marc Staal.
13:08 of 3rd period - Marc-Édouard Vlasic is hit by Corey Perry.
13:27 of 3rd period - Wrist shot by Bryan Little.
13:27 of 3rd period - Shot Blocked by Ted Purcell.
13:29 of 3rd period - Snap shot by Daniel Cleary.
13:29 of 3rd period - Shot Blocked by Marc-Édouard Vlasic.
14:11 of 3rd period - Snap shot by Ryan Kesler.
14:11 of 3rd period - Stopped by Marty Turco with a rebound.
14:23 of 3rd period - Snap shot by Brad Isbister.
14:23 of 3rd period - Shot Misses the Net.
14:25 of 3rd period - Snap shot by Denis Arkhipov.
14:25 of 3rd period - Shot Blocked by Shane O'Brien.
14:27 of 3rd period - Snap shot by Dan Hamhuis.
14:27 of 3rd period - Deflect By Mike Comrie.
14:27 of 3rd period - Stopped by Marty Turco without a rebound.
14:28 of 3rd period - Ryan Kesler wins face-off versus Oleg Kvasha in Avalanche zone.
14:31 of 3rd period - Snap shot by Taylor Pyatt.
14:31 of 3rd period - Shot Misses the Net.
15:17 of 3rd period - Brooks Orpik is hit by Rostislav Olesz and loses puck.
15:24 of 3rd period - Rostislav Olesz is hit by Brooks Orpik and loses puck.
15:59 of 3rd period - Denis Arkhipov is hit by Ryan Smyth and loses puck.
17:18 of 3rd period - Dave Tanabe is hit by Ted Purcell and loses puck.
17:59 of 3rd period - Wrist shot by Rostislav Olesz.
17:59 of 3rd period - Goal by Rostislav Olesz - Avalanche : 5 - Penguins : 3.
18:00 of 3rd period - Bryan Little wins face-off versus Ryan Kesler in neutral zone.
18:25 of 3rd period - Andrew Ladd is hit by Brad Isbister and loses puck.
19:10 of 3rd period - Slapshot by Brad Isbister.
19:10 of 3rd period - Shot Blocked by Jack Johnson.
19:12 of 3rd period - Slapshot by Tom Preissing.
19:12 of 3rd period - Shot Misses the Net.
19:18 of 3rd period - Brad Isbister is hit by Brian Campbell and loses puck.
19:28 of 3rd period - Minor Penalty to Erik Cole for Holding.
19:29 of 3rd period - Mike Comrie wins face-off versus Ryan Kesler in Avalanche zone.
Goals for this period are 3 for Avalanche vs 2 for Penguins.
Shots for this period are 11 for Avalanche vs 10 for Penguins.
Output by the SimonT Hockey Simulator (STHS) for François Prévost -- Original Page W3C XHTML 1.0 Valid